AoeStats
← Ken

Arena

507708576Analyzed
4v4 RM · 14d ago on Sep 19, 2026· 42m 3s· 8 players
Game mode
Random Map
Map size
Large (8 player)
Population
200
Speed
Normal
Resources
Standard
Victory
Conquest
Starting age
Dark Age
Ending age
Imperial Age
RankedLock teamsTeams togetherTeam positionsShared explorationLock speedFull tech treeHidden civsTurbo modeCheats
Victory
Defeat
🇮🇳 Khmer · India
1074
+13
🇨🇳 Celts · China
1054
+14
🇳🇱 Italians · Netherlands
1019
+15
🇦🇷 Spanish · Argentina
971
+17
🇨🇳 Franks · China
1026
-16
🇨🇳 Saracens · China
1006
-15
🇨🇳 Teutons · China
995
-14
🇹🇼 Chinese · Taiwan
972
-14
Hao
11:16 Feudal Age
15:47 Castle Age
14:06 Double-Bit Axe
15:20 Horse Collar
18:00 Wheelbarrow
21:48 Loom
22:40 Husbandry
22:48 Scale Barding Armor
24:14 Bow Saw
24:59 Heavy Plow
25:09 Gold Mining
28:23 Chain Barding Armor
28:13 Forging
30:06 Gold Shaft Mining
29:45 Bloodlines
34:29 Imperial Age
32:16 Hand Cart
33:40 Stone Mining
34:14 Elite Skirmisher
34:39 Light Cavalry
35:48 Conscription
35:32 Fletching
35:43 Padded Archer Armor
37:32 Chemistry
36:53 Ballistics
36:31 Bodkin Arrow
37:12 Plate Barding Armor
37:12 Iron Casting
36:40 Hussar
40:12 Bracer
40:27 Leather Archer Armor
41:13 Blast Furnace
jeffhou47
12:22 Feudal Age
13:11 Double-Bit Axe
13:08 Horse Collar
13:46 Gold Mining
15:10 Stone Mining
22:18 Castle Age
梁志超他奶
7:40 Loom
9:56 Feudal Age
11:03 Double-Bit Axe
16:47 Horse Collar
20:48 Castle Age
19:19 Gold Mining
19:33 Fletching
20:32 Stone Mining
22:19 Bow Saw
24:36 Stone Shaft Mining
24:14 Heavy Plow
27:51 Wheelbarrow
30:32 Hand Cart
Ken
11:04 Feudal Age
15:27 Castle Age
14:08 Double-Bit Axe
17:25 Bow Saw
19:34 Loom
22:52 Wheelbarrow
23:54 Husbandry
24:51 Scale Barding Armor
24:57 Forging
26:57 Gold Mining
28:28 Fletching
30:47 Hand Cart
33:16 Imperial Age
31:23 Gold Shaft Mining
30:39 Stone Mining
33:24 Iron Casting
33:56 Cavalier
35:41 Chain Barding Armor
36:21 Blast Furnace
36:36 Blast Furnace
37:19 Conscription
38:58 Plate Barding Armor
39:02 Elite Throwing Axeman
39:20 Paladin
40:08 Chivalry
41:38 Murder Holes
Julian
10:33 Feudal Age
11:27 Double-Bit Axe
14:32 Castle Age
12:47 Horse Collar
15:44 Bow Saw
16:31 Loom
21:45 Gold Mining
21:59 Stone Mining
23:40 Heavy Plow
25:00 Wheelbarrow
25:58 Hand Cart
25:51 Town Watch
26:12 Scale Mail Armor
26:24 Forging
29:53 Imperial Age
27:53 Padded Archer Armor
27:44 Fletching
29:31 Ballistics
29:37 Leather Archer Armor
30:11 Stone Shaft Mining
30:11 Town Patrol
30:30 Arson
30:45 Squires
31:20 Ring Archer Armor
30:45 Bodkin Arrow
31:06 Chain Mail Armor
31:26 Iron Casting
33:31 Two-Man Saw
34:03 Bracer
34:38 Iron Casting
34:34 Plate Mail Armor
34:29 Conscription
34:44 Elite Genoese Crossbowman
42:56 Blast Furnace
zeos0708
10:18 Feudal Age
10:43 Double-Bit Axe
10:45 Town Watch
18:26 Castle Age
16:34 Gold Mining
16:56 Stone Mining
17:26 Horse Collar
17:41 Fletching
19:17 Bow Saw
20:49 Padded Archer Armor
33:10 Imperial Age
31:44 Leather Archer Armor
34:58 Conscription
34:59 Supremacy
35:59 Chemistry
36:56 Wheelbarrow
36:47 Heavy Plow
37:38 Caravan
38:03 Bodkin Arrow
38:53 Guilds
42:11 Coinage
73624617386501790
10:34 Feudal Age
15:08 Castle Age
13:31 Double-Bit Axe
14:05 Horse Collar
19:48 Scale Mail Armor
24:46 Bow Saw
24:37 Heavy Plow
26:40 Loom
29:29 Wheelbarrow
31:23 Gold Mining
35:20 Imperial Age
33:25 Forging
33:32 Chain Mail Armor
34:02 Hand Cart
35:25 Iron Casting
34:52 Pikeman
36:37 Plate Mail Armor
35:32 Capped Ram
36:59 Conscription
36:06 Halberdier
37:03 Siege Ram
40:14 Blast Furnace
40:44 Siege Engineers
41:19 Furor Celtica
hmscsna
2:09 Loom
10:48 Feudal Age
12:48 Man-at-Arms
23:55 Castle Age
22:06 Fletching
25:32 Wheelbarrow
24:58 Bodkin Arrow
32:34 Horse Collar
34:42 Hand Cart
Connection lost

Rejoining the realm…

Still unreachable

The connection could not be restored.

Session expired

The server has moved on; the page needs a fresh start.